Unix NetHack Version 3.7.0-65 Work-in-progress - last build Oct 3 2022 04:20:45 (938f679fcd32a3c70215a73001258fd12811ee3d,branch:master). Game began 2022-10-03 12:32:55, ended 2022-10-03 12:48:54. RaijinKnight, chaotic female elven Wizard ---------------- ------- |.........*....| |..)...#######...............-# |.<...| |..............|# |...... ----------------# |.....| # ------- # # ## #----- ####|.... ## #-...| ## |...| ##### |...| ---- # |..)| ..$.-@B# ----- |.. | RaijinKnight the Conjurer St:9 Dx:14 Co:12 In:20 Wi:8 Ch:12 Chaotic S:1585 Dlvl:3 $:331 HP:0(24) Pw:19(43) AC:9 Xp:4/149 T:1459 Latest messages: F - a dagger (at the ready) (4 in total). You see here a crossbow bolt. You see here a crossbow bolt. You see here a chain mail. The '-' prefix should be followed by a movement command. In what direction? 4 In what direction? 4 The dagger hits the bat. In what direction? 4 The dagger misses the bat. You miss the bat. The bat bites! The bat bites! In what direction? 4 The spell hits the bat! You kill the bat! You see here a dagger. F - a dagger (at the ready) (2 in total). You see here 2 daggers. F - 2 daggers (at the ready) (4 in total). You swap places with your kitten. You see here a crossbow bolt. You descend the stairs. You stop. Your kitten is in the way! You swap places with your kitten. You see here a brilliant blue potion. You see here a brilliant blue potion. I - a brilliant blue potion. The door opens. You fail to cast the spell correctly. You hear some noises in the distance. The giant bat bites! The door opens. The giant bat bites! It misses the giant bat. The giant bat bites! It misses the giant bat. In what direction? 6 The spell hits the giant bat! The giant bat bites! It misses the giant bat. The giant bat bites! It misses the giant bat. In what direction? 6 The spell misses the giant bat. The giant bat bites! It bites the giant bat. The giant bat bites! You die... Do you want your possessions identified? [ynq] (y) q Inventory: Coins $ - 331 gold pieces Weapons F - 4 +0 daggers (at the ready) B - a +0 elven dagger (weapon in hand) a - a blessed +1 quarterstaff Armor b - an uncursed +0 cloak of magic resistance (being worn) Comestibles o - an uncursed slime mold q - an uncursed food ration Scrolls i - an uncursed scroll of create monster C - an uncursed scroll of create monster k - a blessed scroll of gold detection s - an uncursed scroll of magic mapping Spellbooks l - a blessed spellbook of force bolt D - an uncursed spellbook of invisibility m - an uncursed spellbook of remove curse Potions t - an uncursed potion of booze r - an uncursed potion of confusion I - a blessed potion of paralysis g - an uncursed potion of polymorph f - an uncursed potion of see invisible h - an uncursed potion of water Rings e - an uncursed ring of sustain ability d - an uncursed ring of warning Wands c - a wand of light (0:13) Tools G - an uncursed sack containing 1 item n - an uncursed tooled horn A - a cursed figurine of an earth elemental E - an uncursed oil lamp H - an uncursed towel Contents of the sack: an uncursed worthless piece of violet glass RaijinKnight the Wizard's attributes: Background: You were a Conjurer, a level 4 female elven Wizard. You were chaotic, nominally on a mission for Anhur who was opposed by Ptah (lawful) and Thoth (neutral). You were in the Dungeons of Doom, on level 3. You entered the dungeon 1459 turns ago. You had 149 experience points, 11 more were needed to attain level 5. Your score was 1585 before end-of-game adjustments. Basics: You had 0 out of 24 hit points. You had 19 out of 43 energy points (spell power). Your armor class was 9. Your wallet contained 331 zorkmids. Autopickup was off. Final Characteristics: Your strength was 9 (limit:18). Your dexterity was 14 (limit:18). Your constitution was 12 (limit:16). Your intelligence was 20 (limit:20). Your wisdom was 8 (limit:20). Your charisma was 12 (limit:18). Final Status: You were not hungry. You were unencumbered. You were wielding a dagger. You were unskilled in dagger. Final Attributes: You were devoutly aligned. You were magic-protected. You were sleep resistant. You were telepathic. You had infravision. You were warded. You are dead. Miscellaneous: You never encountered a bones level. Total elapsed playing time was 15 minutes and 28 seconds. Major events: Turn 1: RaijinKnight the chaotic female elven Wizard entered the dungeon 217: entered the Gnomish Mines 420: attained the rank of Conjurer (level 3) 1459: killed by a giant bat Vanquished creatures: a ghost a gnome leader a floating eye 2 dwarves an iguana a hobbit a brown mold 9 gnomes 5 geckos 5 jackals 3 kobolds a goblin 2 grid bugs a bat a kobold zombie 3 newts 38 creatures vanquished. No species were genocided or became extinct. Voluntary challenges: You were an atheist. You read items or engraved 1 time. You never engraved Elbereth. You never genocided any monsters. You never polymorphed an object. You never changed form. You used no wishes. Achievements: You entered the Gnomish Mines. You attained the rank of Conjurer. You entered a shop. The Dungeons of Doom: levels 1 to 3 Level 1: Level 2: A general store, a grave. Stairs down to The Gnomish Mines. Level 3: <- You were here. Final resting place for you, killed by a giant bat. The Gnomish Mines: levels 3 to 4 Level 3: Level 4: Game over: ---------- / \ / REST \ / IN \ / PEACE \ / \ | RaijinKnight | | 331 Au | | killed by a | | giant bat | | | | | | 2022 | *| * * * | * _________)/\\_//(\/(/\)/\//\/|_)_______ Goodbye RaijinKnight the Wizard... You died in The Dungeons of Doom on dungeon level 3 with 1552 points, and 331 pieces of gold, after 1459 moves. You were level 4 with a maximum of 24 hit points when you died.